[Event "Team 45 45 League T38"]
[Site "Internet Chess Club"]
[Date "2008.08.30"]
[Round "6"]
[White "Fogbound"]
[Black "rkaebi"]
[Result "0-1"]
[WhiteElo "1315"]
[BlackElo "1364"]
[Opening "Old Benoni defense"]
[ECO "A44"]
[Time "14:00:11"]
[TimeControl "2700+45"]

1. d4 c5 2. d5 e5 3. dxe6 fxe6 4. e3 Nf6 5. e4 Nxe4 6. Nf3 d5 7. Bd3 Nf6 8. O-O
Nc6 9. Re1 Bd7 10. Bg5 Bd6 11. c3 Qc7 12. Bxf6 gxf6 13. Nh4 O-O-O 14. Na3 a6 15.
Nc2 Bxh2+ 16. Kf1 Bf4 17. Qf3 Bg5 18. Rxe6 Bxe6 19. Bf5 Bxf5 20. Nxf5 Ne5 21.
Qh3 Kb8 22. Rb1 Nc4 23. Rd1 Nxb2 24. Rb1 Nc4 25. Kg1 Rhe8 26. Qd3 Re6 27. Nfe3
Bxe3 28. fxe3 Qg3 29. Qe2 Rg8 30. Ne1 Rxe3 31. Qf2 Qxf2+ 32. Kxf2 Rxc3 33. Rd1
d4 34. Rd3 Rxd3 35. Nxd3 b6 36. Nf4 Ne3 37. g3 c4 38. Ne6 c3 39. Nxd4 c2 40.
Nc6+ Kc7 41. Nb4 c1=Q 42. Nxa6+ Kd6 43. Nb4 Qd2+ 44. Kf3 Qg2+ 45. Kxe3 Rxg3+ 46.
Kd4 Qd2+ 47. Kc4 Rg4+ 48. Kb5 Qxb4+ 49. Ka6 Qa5+ 50. Kb7 Rg7+ {White resigns}
0-1

[Event "Team 45 45 League T38"]
[Site "Internet Chess Club"]
[Date "2008.08.31"]
[Round "6"]
[White "therookery"]
[Black "NewfieKnight"]
[Result "1-0"]
[WhiteElo "1216"]
[BlackElo "1239"]
[Opening "Petrov: Italian variation"]
[ECO "C24"]
[Time "13:58:38"]
[TimeControl "2700+45"]

1. e4 e5 2. Bc4 Nf6 3. Nf3 Bc5 4. d4 exd4 5. Nxd4 Nxe4 6. Bxf7+ Kf8 7. Ne6+ Kxf7
8. Nxd8+ Rxd8 9. Qf3+ Nf6 10. Bg5 Re8+ 11. Be3 Nc6 12. O-O Ne5 13. Qf4 Bd6 14.
Kh1 Kg8 15. Nd2 b6 16. Bd4 Nd3 17. Qf5 Rf8 18. cxd3 Be7 19. Rae1 d5 20. Qg5 g6
21. Rxe7 c5 22. Bxf6 Bf5 23. Qh6 {Black resigns} 1-0

[Event "Team 45 45 League T38"]
[Site "Internet Chess Club"]
[Date "2008.08.30"]
[Round "6"]
[White "AlPearson"]
[Black "Mudfrog"]
[Result "1-0"]
[WhiteElo "1460"]
[BlackElo "1437"]
[Opening "English opening"]
[ECO "A20"]
[Time "11:03:15"]
[TimeControl "2700+45"]

1. c4 e5 2. g3 Nf6 3. Bg2 d5 4. cxd5 Nxd5 5. Nc3 Nb6 6. Nf3 Nc6 7. O-O Be7 8. d3
O-O 9. a3 Bg4 10. h3 Be6 11. b4 f6 12. Bb2 Qd7 13. Kh2 Rab8 14. Rc1 Nd4 15. Nxd4
exd4 16. Ne4 c6 17. Nc5 Bxc5 18. bxc5 Nc8 19. Qa4 Rd8 20. Rfd1 Bd5 21. Qxd4 Bxg2
22. Qxd7 Rxd7 23. Kxg2 Ne7 24. Rb1 b5 25. cxb6 axb6 26. Bc1 b5 27. Bf4 Ra8 28.
Rb3 Rd4 29. Be3 Rd7 30. Rc1 Kf7 31. Bc5 Rc7 32. Bxe7 Kxe7 33. Rbc3 Kd6 34. Kf3
Ra4 35. e4 c5 36. Kf4 g6 37. g4 h6 38. h4 b4 39. axb4 Rxb4 40. Rc4 Rb2 41. f3
Rb4 42. Rxb4 cxb4 43. Rxc7 Kxc7 44. Ke3 b3 45. Kd2 Kd6 46. d4 f5 47. Kc3 b2 48.
Kxb2 fxe4 49. fxe4 Kc6 50. Kc3 Kd6 51. Kc4 Kc6 52. e5 Kc7 53. Kd5 Kd7 54. e6+
Ke7 55. Ke5 g5 56. h5 Ke8 57. Kf6 {Black resigns} 1-0

[Event "Team 45 45 League T38"]
[Site "Internet Chess Club"]
[Date "2008.08.30"]
[Round "6"]
[White "AndersO"]
[Black "Zyme"]
[Result "0-1"]
[WhiteElo "1412"]
[BlackElo "1457"]
[Opening "French: advance, Euwe variation"]
[ECO "C02"]
[Time "09:05:12"]
[TimeControl "2700+45"]

1. e4 e6 2. d4 d5 3. e5 c5 4. c3 Nc6 5. Nf3 Bd7 6. Be2 Qb6 7. O-O Nh6 8. Na3
cxd4 9. cxd4 Nf5 10. Nc2 Rc8 11. a4 Be7 12. Qd2 Na5 13. Qd3 Nb3 14. Ra2 Nxc1 15.
Rxc1 O-O 16. b3 Rc7 17. a5 Qc6 18. Qd2 Rfc8 19. b4 Qc3 20. Qxc3 Rxc3 21. Rb2 Ba4
22. Bd1 R3c4 23. Ra2 Rxb4 24. Raa1 Rbc4 25. Rab1 Bxc2 {White resigns} 0-1

[Event "Team 45 45 League T38"]
[Site "Internet Chess Club"]
[Date "2008.08.31"]
[Round "6"]
[White "SCUGrad"]
[Black "t-hobbes"]
[Result "1-0"]
[WhiteElo "1452"]
[BlackElo "1307"]
[Opening "Ruy Lopez: open, 8...Be6"]
[ECO "C80"]
[Time "00:00:20"]
[TimeControl "2700+45"]

1. e4 e5 2. Nf3 Nc6 3. Bb5 a6 4. Ba4 Nf6 5. O-O Nxe4 6. d4 b5 7. Bb3 d5 8. dxe5
Be6 9. Be3 Bc5 10. Qe2 O-O 11. Nbd2 Bg4 12. Rad1 Nxe5 13. Nxe4 Nxf3+ 14. gxf3
Bxe3 15. Bxd5 Qh4 16. fxe3 Bh3 17. Bxa8 Bxf1 18. Qxf1 Rxa8 19. Qf2 Qh5 20. Qg3
Re8 21. Nf6+ Kf8 22. Nxh5 {Black resigns} 1-0

[Event "Team 45 45 League T38"]
[Site "Internet Chess Club"]
[Date "2008.09.02"]
[Round "6"]
[White "WannaB"]
[Black "rshea11"]
[Result "0-1"]
[WhiteElo "1023"]
[BlackElo "1333"]
[Opening "Sicilian: Grand Prix attack"]
[ECO "B23"]
[Time "20:00:29"]
[TimeControl "2700+45"]

1. e4 c5 2. Nc3 Nc6 3. f4 g6 4. Nf3 Bg7 5. e5 e6 6. Bb5 Nge7 7. b3 O-O 8. Na4 b6
9. a3 Bb7 10. Bxc6 Bxc6 11. Nc3 Qc7 12. O-O d6 13. Rb1 dxe5 14. fxe5 Bxe5 15.
Nxe5 Qxe5 16. Qe1 Qg5 17. Qf2 Nf5 18. d3 Qf6 19. Bb2 Qd4 20. Nd1 Qxf2+ 21. Nxf2
Ne3 22. Ne4 Nxf1 23. Rxf1 Bxe4 24. dxe4 Rad8 25. b4 cxb4 26. axb4 Rd2 27. Rc1
Rfd8 28. Bc3 Rd1+ 29. Rxd1 Rxd1+ 30. Kf2 Rc1 31. Ke3 Rxc2 32. Be5 Rxg2 33. Kf3
Ra2 34. Bd6 a5 35. bxa5 Rxa5 36. Bc7 Ra6 37. h4 b5 38. Be5 b4 39. Bd4 b3 40. Kf4
Ra5 41. Bc3 Ra2 42. Kg5 b2 43. Bxb2 Rxb2 44. h5 gxh5 45. Kxh5 Kg7 {White
resigns} 0-1

[Event "Team 45 45 League T38"]
[Site "Internet Chess Club"]
[Date "2008.08.31"]
[Round "6"]
[White "keaaw"]
[Black "Ghashgork"]
[Result "1/2-1/2"]
[WhiteElo "1547"]
[BlackElo "1683"]
[Opening "Scandinavian defense"]
[ECO "B01"]
[Time "16:00:46"]
[TimeControl "2700+45"]

1. e4 d5 2. exd5 Nf6 3. Nc3 Nxd5 4. d4 Nc6 5. Nf3 Bg4 6. Bc4 e6 7. Nxd5 exd5 8.
Be2 Qd7 9. Bf4 O-O-O 10. O-O f6 11. c3 g5 12. Bg3 h5 13. h4 Bxf3 14. Bxf3 g4 15.
Be2 Bd6 16. b4 f5 17. Bxd6 Qxd6 18. Qd3 f4 19. g3 Rde8 20. Rae1 f3 21. Bd1 Re7
22. Re3 Rxe3 23. Qxe3 Qe7 24. Qxe7 Nxe7 25. Re1 Kd7 26. Bc2 Rh6 27. Kf1 Re6 28.
Bd3 Rxe1+ 29. Kxe1 Ng8 30. Kd2 Ke6 31. Ke3 Kf6 32. Kf4 Ne7 33. Ke3 Nc8 34. Kf4
a6 35. Bc2 b5 36. Ke3 Nb6 37. Bb3 c6 38. Kd3 Nd7 39. Ke3 Nb6 40. Kf4 Nc8 41. Ke3
Nd6 42. Kd2 Ne4+ 43. Ke1 Nxc3 44. Kd2 Ne4+ 45. Ke1 Nd6 46. a4 Nf5 47. axb5 axb5
48. Kd2 Nxd4 49. Ba2 Ne2 50. Bb1 Ng1 51. Bd3 Ne2 52. Bc2 Nd4 53. Bd3 Nf5 54. Bc2
Nd6 55. Ke3 Ne8 56. Kd4 Nc7 57. Bd3 Ne6+ 58. Ke3 Ke5 59. Bg6 Ng7 60. Kd3 Kf6 61.
Bh7 Ne6 62. Ke3 Nf8 63. Bd3 Ke5 64. Bb1 Kd6 65. Bc2 Ne6 66. Bg6 Ng7 67. Kd4 Ne6+
68. Ke3 Ng7 69. Kd4 Ne6+ 70. Ke3 {Game drawn by repetition} 1/2-1/2

[Event "Team 45 45 League T38"]
[Site "Internet Chess Club"]
[Date "2008.08.31"]
[Round "6"]
[White "Mutaant"]
[Black "Rubacchus"]
[Result "1-0"]
[WhiteElo "1444"]
[BlackElo "1298"]
[Opening "Two knights defense (Modern bishop's opening)"]
[ECO "C55"]
[Time "13:33:56"]
[TimeControl "2700+45"]

1. e4 e5 2. Nf3 Nc6 3. Bc4 Nf6 4. d3 Na5 5. Nxe5 Nxc4 6. Nxc4 Be7 7. Nc3 O-O 8.
O-O c6 9. h3 d5 10. exd5 cxd5 11. Ne5 Be6 12. d4 Ne4 13. Qf3 Rc8 14. Nxe4 dxe4
15. Qxe4 Bd5 16. Qe2 f6 17. Nd3 Re8 18. Re1 Bf8 19. Qxe8 Qxe8 20. Rxe8 Rxe8 21.
Be3 Bc4 22. Rd1 Bd6 23. b3 Bxd3 24. Rxd3 f5 25. Kf1 f4 26. Bd2 g5 27. c4 b6 28.
b4 Kf7 29. c5 bxc5 30. bxc5 Bc7 31. d5 Re5 32. d6 Bd8 33. c6 Rc5 34. Rc3 Rd5 35.
c7 Bxc7 36. dxc7 Rxd2 37. c8=Q Rxa2 38. Rc7+ Kg6 39. Qe6+ Kh5 40. Rxh7# {Black
checkmated} 1-0

[Event "Team 45 45 League T38"]
[Site "Internet Chess Club"]
[Date "2008.08.31"]
[Round "6"]
[White "conron"]
[Black "seldredg"]
[Result "0-1"]
[WhiteElo "1336"]
[BlackElo "1293"]
[Opening "Scandinavian: Pytel-Wade variation"]
[ECO "B01"]
[Time "19:00:23"]
[TimeControl "2700+45"]

1. e4 d5 2. exd5 Qxd5 3. Nc3 Qd6 4. d4 Nf6 5. Nf3 a6 6. Bg5 b5 7. g3 Bb7 8. Bg2
Nbd7 9. O-O e6 10. Re1 Be7 11. Bf4 Qb6 12. Qd3 c5 13. Rad1 c4 14. Qe2 O-O 15.
Bg5 Rfe8 16. Qe3 Bd6 17. Ne5 Bxg2 18. Kxg2 Qb7+ 19. Qf3 Qc7 20. Bxf6 Nxf6 21.
Qc6 Bxe5 22. Qxc7 Bxc7 23. f4 Rad8 24. d5 Nxd5 25. Nxd5 exd5 26. Rxe8+ Rxe8 27.
Rxd5 g6 28. Kf3 Bb6 29. Rd6 Re3+ 30. Kg2 Re2+ 31. Kh3 Re6 32. Rd7 Re2 33. Rd6
Bg1 34. Rxa6 Rxh2+ 35. Kg4 Rxc2 36. Kg5 Kg7 37. f5 Be3+ 38. Kg4 Rxb2 39. f6+ Kh6
40. Kf3 Bd4 41. g4 Rf2+ 42. Ke4 Bxf6 43. Rc6 c3 44. Rc5 b4 45. g5+ Bxg5 46. a4
bxa3 47. Rxc3 a2 48. Ra3 Bf6 49. Rh3+ Kg7 {White resigns} 0-1

[Event "Team 45 45 League T38"]
[Site "Internet Chess Club"]
[Date "2008.08.28"]
[Round "6"]
[White "moreffee"]
[Black "AtomicDog"]
[Result "1-0"]
[WhiteElo "1351"]
[BlackElo "1406"]
[Opening "Sicilian: Smith-Morra gambit"]
[ECO "B21"]
[Time "13:30:07"]
[TimeControl "2700+45"]

1. e4 c5 2. d4 cxd4 3. c3 dxc3 4. Nxc3 Nc6 5. Nf3 d6 6. Bc4 e6 7. Bf4 Nf6 8. e5
dxe5 9. Qxd8+ Nxd8 10. Bxe5 Be7 11. O-O-O O-O 12. Nb5 Bd7 13. Bxf6 Bxb5 14. Bxe7
Bxc4 15. Bxf8 Kxf8 16. Kb1 Nc6 17. Rc1 Bd3+ 18. Ka1 Nb4 19. Rc3 Nc2+ 20. Kb1 Be4
21. Kc1 Nb4 22. Kd2 Rd8+ 23. Ke3 Bc6 24. Rcc1 Nd5+ 25. Ke4 Nb4+ 26. Kf4 Nd3+ 27.
Kg3 Nxc1 28. Rxc1 Bxf3 29. Kxf3 Ke7 30. Rc7+ Rd7 31. Rxd7+ Kxd7 32. Ke4 Kd6 33.
f4 b5 34. b4 a6 35. g4 f6 36. a3 g6 37. h3 h5 38. g5 Ke7 39. h4 Kf7 40. Kd4 Ke7
41. Kc5 e5 42. fxe5 f5 43. Kd5 f4 44. Ke4 f3 45. Kxf3 Kf7 46. Ke4 Ke6 47. Kd4
Kf5 48. Kd5 {Black resigns} 1-0

[Event "Team 45 45 League T38"]
[Site "Internet Chess Club"]
[Date "2008.08.31"]
[Round "6"]
[White "knight2f3"]
[Black "mwu2007"]
[Result "1-0"]
[WhiteElo "1523"]
[BlackElo "1508"]
[Opening "Bogo-Indian defense"]
[ECO "E11"]
[Time "11:00:06"]
[TimeControl "2700+45"]

1. d4 Nf6 2. Nf3 e6 3. c4 Bb4+ 4. Bd2 Bxd2+ 5. Nbxd2 d5 6. e3 Nbd7 7. cxd5 exd5
8. Rc1 O-O 9. Be2 b6 10. b4 Bb7 11. b5 Rc8 12. Qa4 Ra8 13. Qc2 Qb8 14. Qxc7 Rc8
15. Qxb8 Raxb8 16. O-O h6 17. Rfd1 Kf8 18. g3 Re8 19. Nh4 Ne4 20. Rc7 Nxd2 21.
Rxd2 Nf6 22. Rdc2 Re7 23. Nf3 Ke8 24. Ne5 Nd7 25. Nc6 Bxc6 26. R2xc6 Nf6 27.
Rc8+ Rxc8 28. Rxc8+ Kd7 29. Rc6 Re6 30. Rc2 Ne4 31. Bg4 Ng5 32. Bxe6+ Nxe6 33.
Kg2 Ng5 34. h4 Ne4 35. f3 Nf6 36. g4 g5 37. Kg3 Kd6 38. hxg5 hxg5 39. Rc6+ Ke7
40. Rc7+ Kd6 41. Rxf7 Ke6 42. Rxa7 Kd6 43. Rb7 Ke6 44. Rxb6+ Ke7 45. Rb7+ Ke6
46. a4 Kd6 47. Rb6+ Ke7 48. Rc6 Kf7 49. b6 Ke8 50. a5 Ke7 51. a6 Kf7 52. a7 Ke7
53. a8=Q Nd7 54. Qa7 Kd8 55. Qc7+ Ke7 56. Qd6+ Ke8 57. Rc8+ Kf7 58. Qxd7+ Kf6
59. Rc6# {Black checkmated} 1-0

[Event "Team 45 45 League T38"]
[Site "Internet Chess Club"]
[Date "2008.08.31"]
[Round "6"]
[White "andrew0311"]
[Black "SeniorCitizen"]
[Result "1-0"]
[WhiteElo "1364"]
[BlackElo "1401"]
[Opening "English: symmetrical variation"]
[ECO "A34"]
[Time "14:20:21"]
[TimeControl "2700+45"]

1. c4 c5 2. Nc3 d6 3. Nf3 Nf6 4. e4 e5 5. Nd5 Nxd5 6. cxd5 Be7 7. Bc4 O-O 8. O-O
Nd7 9. b3 a6 10. Bb2 b5 11. Bd3 Nb6 12. Rc1 f5 13. h3 fxe4 14. Bxe4 Bb7 15. Qe2
Bxd5 16. Bxd5+ Nxd5 17. Qd3 Nf4 18. Qe4 Qd7 19. Ne1 Qf5 20. Qxf5 Rxf5 21. Kh1
Ne2 22. Rd1 Ng3+ 23. Kg1 Nxf1 24. Kxf1 Raf8 25. f3 R5f7 26. Ke2 Bh4 27. Nc2 e4
28. Rf1 exf3+ 29. gxf3 Re8+ 30. Kd3 Ref8 31. Ke2 d5 32. Ne3 d4 33. Ng4 Re8+ 34.
Kd3 Bf6 35. Rg1 h5 36. Nh6+ Kf8 37. Nxf7 Kg8 38. Nd6 {Black resigns} 1-0

[Event "Team 45 45 League T38"]
[Site "Internet Chess Club"]
[Date "2008.09.01"]
[Round "6"]
[White "cazc"]
[Black "chips"]
[Result "1-0"]
[WhiteElo "1256"]
[BlackElo "1175"]
[Opening "Scandinavian (center counter) defense"]
[ECO "B01"]
[Time "06:13:38"]
[TimeControl "2700+45"]

1. e4 d5 2. exd5 Qxd5 3. Nc3 Qe5+ 4. Be2 e6 5. d4 Qd6 6. Nb5 Qd8 7. Bf4 Bd6 8.
Bxd6 cxd6 9. Nf3 Nf6 10. O-O O-O 11. Bc4 a6 12. Nc3 d5 13. Bd3 b5 14. Ng5 g6 15.
Qf3 Nh5 16. Nxh7 f5 {Black resigns} 1-0

[Event "Team 45 45 League T38"]
[Site "Internet Chess Club"]
[Date "2008.08.30"]
[Round "6"]
[White "DaMelch"]
[Black "fuzzface"]
[Result "1-0"]
[WhiteElo "1299"]
[BlackElo "1317"]
[Opening "Sicilian: Smith-Morra gambit"]
[ECO "B41"]
[Time "12:00:07"]
[TimeControl "2700+45"]

1. e4 c5 2. d4 e6 3. Nf3 Nc6 4. Bc4 cxd4 5. Nxd4 Nxd4 6. Qxd4 Qb6 7. Qxb6 axb6
8. Be3 Bc5 9. Bf4 Nf6 10. Nc3 O-O 11. O-O Bd4 12. Bd6 Bc5 13. Bxf8 Kxf8 14. e5
Ng4 15. Rae1 Bd4 16. Re4 Bxf2+ 17. Rxf2 Nxf2 18. Kxf2 Ra5 19. Rh4 h6 20. Rg4
Rxe5 21. Bb3 Rf5+ 22. Kg1 d5 23. Nb5 h5 24. Rg3 Re5 25. Nd6 Bd7 26. Nxb7 Re1+
27. Kf2 Rb1 28. Rc3 Bb5 29. Rc8+ Ke7 30. c4 Rxb2+ 31. Kg3 dxc4 32. Bxc4 Rc2 33.
Rc7+ Kf6 34. Nd6 Rc3+ 35. Kh4 Rc2 36. Nxb5 Rxg2 37. Kxh5 g6+ 38. Kh4 Rg5 39. Nd6
Rh5+ 40. Kg4 Rg5+ 41. Kf4 e5+ 42. Kf3 Rh5 43. Rxf7+ Kg5 44. Ne4+ Kh6 45. Nf6
Rf5+ 46. Ke4 Kg5 47. Nh7+ Kh6 48. Rxf5 gxf5+ 49. Kxf5 Kxh7 50. Kxe5 Kg7 51. Kd5
Kf6 52. Kc6 b5 53. Kxb5 {Black resigns} 1-0

[Event "Team 45 45 League T38"]
[Site "Internet Chess Club"]
[Date "2008.09.02"]
[Round "6"]
[White "theartist"]
[Black "jeffk"]
[Result "0-1"]
[WhiteElo "1245"]
[BlackElo "1174"]
[Opening "King's Indian: Averbakh, 6...c5"]
[ECO "E74"]
[Time "18:01:43"]
[TimeControl "2700+45"]

1. d4 d6 2. c4 Nf6 3. Nc3 g6 4. e4 Bg7 5. Be2 O-O 6. Bg5 c5 7. d5 Nbd7 8. Nf3 e6
9. O-O Qc7 10. Nd2 Ne5 11. f4 Ned7 12. Nf3 exd5 13. exd5 Nb6 14. h3 Bd7 15. Qd2
Nh5 16. Bh4 h6 17. Bf2 Na4 18. Nxa4 Bxa4 19. Rab1 a6 20. g4 Nf6 21. Bd3 Bd7 22.
f5 b5 23. b3 bxc4 24. bxc4 Rab8 25. fxg6 fxg6 26. Bxg6 Be8 27. Bd3 Nd7 28. Be3
Rxb1 29. Rxb1 Rxf3 30. Kg2 Ne5 31. Be2 Rf8 32. Bxh6 Nxc4 33. Bxc4 Bg6 34. Rf1
Be4+ 35. Kg1 Bd4+ 36. Be3 Rxf1+ 37. Kxf1 Qf7+ 38. Ke1 Be5 39. Bf2 Qf3 40. Qe3
Bc3+ 41. Kf1 Qh1+ 42. Bg1 Qg2# {White checkmated} 0-1

[Event "Team 45 45 League T38"]
[Site "Internet Chess Club"]
[Date "2008.08.31"]
[Round "6"]
[White "JimGaming"]
[Black "klt713"]
[Result "1-0"]
[WhiteElo "1242"]
[BlackElo "1170"]
[Opening "Scotch game"]
[ECO "C45"]
[Time "14:00:16"]
[TimeControl "2700+45"]

1. e4 e5 2. Nf3 Nc6 3. d4 exd4 4. Nxd4 Nxd4 5. Qxd4 d6 6. Bf4 Ne7 7. Nc3 Nc6 8.
Bb5 Bd7 9. Bxc6 Bxc6 10. O-O-O Qd7 11. h3 O-O-O 12. Rhe1 f6 13. Qxa7 b6 14. Qa6+
Bb7 15. Qb5 Bc6 16. Qd3 Kb7 17. f3 h5 18. Be3 g6 19. Qd4 Bg7 20. Qb4 Rhe8 21.
Nd5 Bxd5 22. Rxd5 c5 23. Bxc5 Qc6 24. Bf2 Rc8 25. c3 Bh6+ 26. Kc2 Red8 27. Red1
f5 28. Rxd6 Rxd6 29. Rxd6 Qxd6 30. Qxd6 Rc6 31. Qd8 b5 32. e5 Bf4 33. Qd5 Kc7
34. Qf7+ Kd8 35. e6 {Black forfeits on time} 1-0

[Event "Team 45 45 League T38"]
[Site "Internet Chess Club"]
[Date "2008.08.31"]
[Round "6"]
[White "ffplayer"]
[Black "king4aknight"]
[Result "1-0"]
[WhiteElo "1197"]
[BlackElo "1056"]
[Opening "QGD: Neo-orthodox variation, 7.Bh4"]
[ECO "D56"]
[Time "10:58:50"]
[TimeControl "2700+45"]

1. d4 e6 2. c4 Nf6 3. Nc3 Be7 4. Bg5 h6 5. Bh4 O-O 6. Nf3 d5 7. e3 c6 8. Bd3 c5
9. O-O Nc6 10. cxd5 exd5 11. Bg3 Ng4 12. h3 c4 13. Bc2 Nb4 14. hxg4 Bxg4 15. Bb1
h5 16. a3 Nc6 17. e4 Qb6 18. exd5 Nxd4 19. Qxd4 Bc5 20. Qxc4 Rac8 21. Qe2 Rfe8
22. Qd1 Qxb2 23. Be4 Qxc3 24. Re1 Qf6 25. Qd3 g6 26. Nh4 Bd4 27. Rab1 Rc3 28.
Qb5 Kf8 29. Nxg6+ fxg6 30. Bxg6 Rxg3 31. Qxe8+ Kg7 32. Re7+ Kh6 33. Rh7+ Kg5 34.
Rxh5+ Bxh5 35. Qe1 Qxg6 36. Qd2+ Be3 37. fxe3 Qxb1+ 38. Kh2 Kh4 39. Qd4+ Rg4 40.
Qf6+ Rg5 41. g3+ Kg4 42. Qf4# {Black checkmated} 1-0

[Event "Team 45 45 League T38"]
[Site "Internet Chess Club"]
[Date "2008.08.31"]
[Round "6"]
[White "moreffee"]
[Black "BosqueVerde"]
[Result "1-0"]
[WhiteElo "1381"]
[BlackElo "1311"]
[Opening "Philidor's defense"]
[ECO "C41"]
[Time "13:01:10"]
[TimeControl "2700+45"]

1. e4 e5 2. Nf3 d6 3. Bc4 h6 4. Nc3 Nf6 5. O-O Be7 6. h3 O-O 7. d4 exd4 8. Nxd4
c5 9. Nf3 Nc6 10. Bf4 Be6 11. Bxe6 fxe6 12. e5 Nd5 13. Nxd5 exd5 14. Qxd5+ Kh7
15. Qe4+ Kh8 16. Rad1 Qb6 17. exd6 Bxd6 18. Bxd6 Rae8 19. Qc4 Rf5 20. Nh4 Rh5
21. Ng6+ Kh7 22. Qd3 Kg8 23. Qc4+ Kh7 24. Nf4 Rg5 25. Rd5 Rxg2+ 26. Kxg2 Nd4 27.
Bxc5 Qf6 28. Qxd4 {Black resigns} 1-0

[Event "Team 45 45 League T38"]
[Site "Internet Chess Club"]
[Date "2008.09.01"]
[Round "6"]
[White "Graybeard"]
[Black "farbror"]
[Result "1-0"]
[WhiteElo "1239"]
[BlackElo "1143"]
[Opening "Owen defense"]
[ECO "B00"]
[Time "22:30:27"]
[TimeControl "2700+45"]

1. e4 b6 2. d4 Bb7 3. Nc3 g6 4. Bd3 Bg7 5. Nf3 e6 6. Bf4 Ne7 7. Qd2 h6 8. O-O d6
9. d5 exd5 10. exd5 O-O 11. Bxh6 Bxh6 12. Qxh6 f6 13. Bxg6 Nxg6 14. Qxg6+ Kh8
15. Nd4 Rg8 16. Qh6# {Black checkmated} 1-0

[Event "Team 45 45 League T38"]
[Site "Internet Chess Club"]
[Date "2008.09.03"]
[Round "6"]
[White "RedSkull"]
[Black "jocooper"]
[Result "1/2-1/2"]
[WhiteElo "1194"]
[BlackElo "1150"]
[Opening "Nimzovich-Larsen attack: Indian variation"]
[ECO "A01"]
[Time "20:00:12"]
[TimeControl "2700+45"]

1. b3 Nf6 2. Bb2 d6 3. e3 e5 4. Nf3 g6 5. Be2 Bg7 6. c4 O-O 7. O-O Nc6 8. Nc3
Bf5 9. d3 Qe7 10. Qd2 Rad8 11. e4 Be6 12. Nd5 Bxd5 13. cxd5 Nb8 14. Rac1 Na6 15.
a3 Nc5 16. Qc2 Rc8 17. b4 Na6 18. d4 Rfd8 19. dxe5 dxe5 20. Nxe5 Nd7 21. Nxd7
Bxb2 22. Nc5 Bxc1 23. Rxc1 Nxc5 24. bxc5 c6 25. Bg4 Rb8 26. d6 Qe5 27. h3 b6 28.
Qc3 Qxe4 29. d7 Qd5 30. Bf3 Qe6 31. Bg4 Qd5 32. Bf3 Qxc5 33. Qxc5 bxc5 34. Bg4
Rb5 35. Re1 Kf8 36. Rd1 Ra5 37. Bf3 Ra6 38. Kf1 Ke7 39. Bg4 Rxa3 40. Rb1 Rd3 41.
Ke2 Rd4 42. Ke3 f5 43. Bf3 Kxd7 44. Rb7+ Ke6 45. Rxa7 Rd3+ 46. Ke2 R3d7 47. Ra6
Rd6 48. Ra5 c4 49. Rc5 Rd2+ 50. Ke1 R8d6 51. Rxc4 R2d4 52. Rc3 f4 53. Bxc6 Rd1+
54. Ke2 R6d2+ 55. Kf3 Rd3+ 56. Rxd3 Rxd3+ 57. Kxf4 Kf6 58. Be4 Rd2 59. Ke3 Ra2
60. Bd3 Ra3 61. f4 Ra2 62. Be2 h6 63. g4 Ra3+ 64. Bd3 g5 65. f5 Ra1 66. Kf2 Ke5
67. Be2 Ra2 68. Kf1 Ra3 69. Kg2 Ra8 {Game drawn by mutual agreement} 1/2-1/2

[Event "Team 45 45 League T38"]
[Site "Internet Chess Club"]
[Date "2008.08.31"]
[Round "6"]
[White "WannaB"]
[Black "kjs110"]
[Result "0-1"]
[WhiteElo "1022"]
[BlackElo "1140"]
[Opening "Lengfellner system"]
[ECO "C01"]
[Time "15:59:39"]
[TimeControl "2700+45"]

1. e4 e6 2. d4 d6 3. Nf3 Nf6 4. Nc3 g6 5. h3 Bg7 6. Bd3 O-O 7. e5 Nfd7 8. O-O
dxe5 9. dxe5 Nxe5 10. Nxe5 Bxe5 11. Ne4 f5 12. Ng5 Bf6 13. Nf3 Nc6 14. c3 b6 15.
Rb1 Ne5 16. Nxe5 Bxe5 17. Qe2 Qd5 18. Bc4 Qe4 19. Qxe4 fxe4 20. Rd1 Kf7 21. Rf1
Bb7 22. Be3 Rad8 23. a4 Bc6 24. Ra1 a6 25. Bxa6 Bd5 26. a5 Ra8 27. axb6 cxb6 28.
Bxb6 Rfb8 29. Bd4 Bxd4 30. cxd4 Rxb2 31. Rfe1 Rb4 32. Red1 Bb3 33. Rd2 Rb6 34.
Ra3 Raxa6 35. Rxa6 Rxa6 36. Rb2 Ra1+ 37. Kh2 Ba4 38. Rb7+ Kf6 39. Rxh7 Rf1 40.
Kg3 Rd1 41. Kf4 Rxd4 42. Ke3 Rb4 43. Rh4 Bc6 44. Rf4+ Ke5 45. f3 Rb3+ 46. Kf2
Kxf4 47. g3+ Kf5 48. g4+ Kf4 49. fxe4 Rf3+ 50. Kg2 Bxe4 51. h4 Rg3+ 52. Kf2 Rxg4
{White resigns} 0-1

[Event "Team 45 45 League T38"]
[Site "Internet Chess Club"]
[Date "2008.08.29"]
[Round "6"]
[White "carolinaknight"]
[Black "KingOfHearts"]
[Result "1-0"]
[WhiteElo "1219"]
[BlackElo "1202"]
[Opening "Two knights defense"]
[ECO "C57"]
[Time "19:30:33"]
[TimeControl "2700+45"]

1. e4 e5 2. Nf3 Nc6 3. Bc4 Nf6 4. Ng5 d5 5. Bb3 h6 6. Nf3 Nxe4 7. Nc3 Nxc3 8.
dxc3 Be6 9. O-O Bc5 10. Re1 Bg4 11. h3 Bh5 12. Qxd5 Qxd5 13. Bxd5 f6 14. Nh4
O-O-O 15. Be6+ Kb8 16. Nf5 Rh7 17. b4 Bb6 18. Ne3 a5 19. b5 Ne7 20. Nc4 Ka7 21.
Nxb6 cxb6 22. g4 Be8 23. a4 Rd6 24. Bb3 h5 25. g5 fxg5 26. Rxe5 g6 27. Ba3 Rd7
28. Rae1 Nf5 29. Rxe8 Nh4 30. Bc1 Nf3+ 31. Kf1 Nxe1 32. Rxe1 g4 33. Kg2 h4 34.
Re6 Rhg7 35. hxg4 g5 36. Be3 Rh7 37. Bxb6+ Kb8 38. Re8+ {Black resigns} 1-0

[Event "Team 45 45 League T38"]
[Site "Internet Chess Club"]
[Date "2008.08.30"]
[Round "6"]
[White "The-Capitalist"]
[Black "furrbrain"]
[Result "1-0"]
[WhiteElo "1189"]
[BlackElo "1183"]
[Opening "French: Winawer, advance variation"]
[ECO "C18"]
[Time "21:07:06"]
[TimeControl "2700+45"]

1. e4 e6 2. d4 d5 3. Nc3 Bb4 4. e5 c5 5. a3 Bxc3+ 6. bxc3 Nc6 7. Nf3 Nge7 8. Bb5
a6 9. Bxc6+ Nxc6 10. dxc5 b6 11. Be3 b5 12. Nd4 Nxe5 13. O-O Qc7 14. Nb3 f5 15.
Bf4 O-O 16. Re1 Qf7 17. Rxe5 Bb7 18. Qd4 Qg6 19. Rae1 Rae8 20. Na5 Ba8 21. c6
Rf7 22. Qe3 Rfe7 23. Qc5 Qf6 24. c7 Rc8 25. Qd6 Qg6 26. Qxe7 d4 27. Qxe6+ {Black
resigns} 1-0

[Event "Team 45 45 League T38"]
[Site "Internet Chess Club"]
[Date "2008.09.01"]
[Round "6"]
[White "kingphisch"]
[Black "chicopee-ed"]
[Result "1-0"]
[WhiteElo "1481"]
[BlackElo "1463"]
[Opening "Caro-Kann: exchange variation"]
[ECO "B13"]
[Time "13:00:16"]
[TimeControl "2700+45"]

1. e4 c6 2. d4 d5 3. exd5 cxd5 4. Bd3 Nc6 5. c3 Qc7 6. Qb3 e6 7. Nf3 Bd6 8. Bg5
f6 9. Bh4 Nge7 10. Qc2 Bd7 11. Nbd2 e5 12. dxe5 Nxe5 13. Nxe5 Bxe5 14. O-O Bxh2+
15. Kh1 Be5 16. Nf3 g5 17. Nxe5 gxh4 18. Nxd7 Qxd7 19. Rae1 O-O-O 20. Qe2 Rde8
21. Qe6 h3 22. Qxd7+ Kxd7 23. gxh3 h5 24. Re3 h4 25. Rg1 Rhg8 26. Rxg8 Rxg8 27.
Rf3 Ke6 28. c4 dxc4 29. Bxc4+ Ke5 30. Bxg8 {Black resigns} 1-0